 Dungeon Crawl Stone Soup version 0.21.1-1-g345015f (webtiles) character file.

1710 kae the Cleaver (level 9, -10/79 HPs)
             Began as a Hill Orc Fighter on June 15, 2018.
             Was a Follower of Beogh.
             Killed by divine providence
             ... invoked by an orc priest
              (17 damage)
             ... on level 7 of the Dungeon.
             The game lasted 00:06:44 (5329 turns).

kae the Cleaver (Hill Orc Fighter)                  Turns: 5329, Time: 00:06:45

Health: -10/79     AC: 11    Str: 20 (22) XL:     9   Next: 3%
Magic:  9/9        EV:  8    Int: 11 (12) God:    Beogh [*.....]
Gold:   347        SH: 10    Dex: 10 (12) Spells: 8/8 levels left

rFire    . . .     SeeInvis .   a - +1 war axe
rCold    + + .     Gourm    .   c - +0 shield
rNeg     . . .     Faith    .   b - +0 scale mail
rPois    +         Spirit   .   (no helmet)
rElec    +         Reflect  .   (no cloak)
rCorr    +         Harm     .   w - +1 pair of gloves of Insatiable Hunger {Int+4 Dex+2}
MR       .....                  x - +0 pair of boots
Stlth    +.........             g - amulet of regeneration (curse)
HPRegen  0.63/turn              j - ring of stealth
MPRegen  0.11/turn              p - ring of ice

@: resistant
A: no striking features
a: Renounce Religion


You were on level 7 of the Dungeon.
You worshipped Beogh.
Beogh was aware of your devotion.
You were not hungry.

You visited 1 branch of the dungeon, and saw 7 of its levels.

You collected 347 gold pieces.

Inventory:

Hand Weapons
 a - a +1 war axe (weapon)
Armour
 b - a +0 scale mail (worn)
 c - a +0 shield (worn)
 w - the +1 pair of gloves of Insatiable Hunger (worn) {Int+4 Dex+2}
   (You found it on level 6 of the Dungeon)

   It affects your intelligence (+4).
   It affects your dexterity (+2).
 x - a +0 pair of boots (worn)
Jewellery
 e - an uncursed ring of ice
 g - a cursed amulet of regeneration (around neck)
 j - a ring of stealth (left hand)
 p - a ring of ice (right hand)
Wands
 u - a wand of flame (35)
Scrolls
 h - a scroll of fear
 n - 3 scrolls of enchant armour
Potions
 d - 2 potions of brilliance
 i - 2 potions of flight {unknown}
 k - 2 potions of haste
 l - 3 potions of curing
 m - a potion of experience {unknown}
 r - a potion of berserk rage {unknown}
 s - a potion of might
Comestibles
 f - 8 rations
 o - 3 chunks of flesh


   Skills:
 + Level 7.0 Fighting
 * Level 9.6 Axes
 + Level 6.4 Armour
 + Level 6.3 Shields


You had 8 spell levels left.
You didn't know any spells.

Dungeon Overview and Level Annotations

Branches:
Dungeon (7/15)
 Temple: D:4-7

Altars:
Fedhas
Okawaru
Qazlal
Ru
Trog
Wu Jian
Xom
Zin

Shops:
D:5 (

Annotations:
D:7 Pikel


Message History

* * * LOW HITPOINT WARNING * * *
Found 10 gold pieces and 21 arrows.
Found a stone staircase leading down.
A giant cockroach, a slave and a skeleton come into view.
As you read the scroll of teleportation, it crumbles to dust.
You feel strangely unstable. The slave closely misses you.
Pikel hits you with a whip of freezing.
* * * LOW HITPOINT WARNING * * *
Your surroundings suddenly seem different.
An orc comes into view. It is wielding a club.
The orc shouts!
An orc priest comes into view.
The orc priest shouts!
You hear a shout!
You block the orc priest's attack.
An orc comes into view. It is wielding a mace.
You slash the orc priest!
The orc priest is almost dead.
The orc priest mumbles some strange prayers to Beogh against you.
Beogh smites you!
You die...
Beogh appreciates the orc priest's killing of a heretic priest.

# #
# #
###
#@#
#o.#
#..#
.o##
.##
.o
..
#..


You could see an orc priest and 2 orcs.

Vanquished Creatures
  A hippogriff (D:7)
  A steam dragon (D:7)
  The ghost of olivier the Shield-Bearer, an amateur GnFi (D:3)
  A sky beast (D:7)
  3 phantoms
  An ogre (D:6)
  A scorpion (D:6)
  3 killer bees (D:4)
  A howler monkey (D:6)
  2 orc priests
  3 orc wizards
  An iguana (D:6)
  6 worker ants
  A hound zombie (D:6)
  Robin (D:2)
  3 gnolls (D:5)
  11 adders
  A howler monkey skeleton (D:4)
  An ooze (D:3)
  An adder skeleton (D:4)
  4 dart slugs
  5 leopard geckos
  22 orcs
  4 ball pythons
  7 bats
  6 giant cockroaches
  11 goblins
  13 hobgoblins
  13 jackals
  8 kobolds
  6 quokkas
  5 frilled lizards
  A giant cockroach zombie (D:5)
  6 rats
155 creatures vanquished.

Vanquished Creatures (others)
  A killer bee (D:4)
  An orc wizard (D:3)
  An orc priest (D:4)
  4 orcs (D:4)
7 creatures vanquished.

Grand Total: 162 creatures vanquished

Notes
Turn   | Place    | Note
-------+----------+-------------------------------------------
     0 | D:1      | kae the Hill Orc Fighter began the quest for the Orb.
     0 | D:1      | Reached XP level 1. HP: 19/19 MP: 1/1
    81 | D:1      | Reached skill level 3 in Axes
    86 | D:1      | Reached XP level 2. HP: 10/27 MP: 2/2
   762 | D:1      | Reached XP level 3. HP: 32/33 MP: 3/3
   971 | D:2      | Found a blossoming altar of Fedhas.
   997 | D:2      | Noticed Robin
  1010 | D:2      | Killed Robin
  1096 | D:2      | Reached skill level 4 in Axes
  1096 | D:2      | Reached XP level 4. HP: 37/40 MP: 4/4
  1661 | D:3      | Noticed olivier's ghost (amateur GnFi)
  1841 | D:3      | Found a sacrificial altar of Ru.
  1842 | D:3      | Found an iron altar of Okawaru.
  1843 | D:3      | Found an ornate altar of the Wu Jian Council.
  1851 | D:3      | Reached XP level 5. HP: 47/47 MP: 5/5
  1865 | D:3      | Reached skill level 5 in Axes
  2070 | D:3      | Killed olivier's ghost
  2070 | D:3      | Reached skill level 5 in Fighting
  2070 | D:3      | Reached XP level 6. HP: 47/56 MP: 6/6
  2169 | D:3      | Found a faded altar of an unknown god.
  2557 | D:3      | Found a glowing silver altar of Zin.
  2860 | D:4      | Became a worshipper of Beogh the Brigand
  2871 | D:4      | HP: 2/56 [killer bee (2)]
  2877 | D:4      | Reached skill level 6 in Axes
  2932 | D:5      | Entered Level 5 of the Dungeon
  3128 | D:5      | Reached XP level 7. HP: 43/61 MP: 7/7
  3334 | D:5      | Found Jiv Xopt's Weapon Shoppe.
  3374 | D:5      | Reached skill level 5 in Armour
  3383 | D:5      | Found a shimmering altar of Xom.
  3438 | D:5      | Found a stormy altar of Qazlal.
  3522 | D:5      | Found an iron altar of Okawaru.
  3805 | D:4      | Reached skill level 5 in Shields
  3825 | D:4      | Reached skill level 7 in Axes
  4289 | D:6      | Reached XP level 8. HP: 40/70 MP: 8/8
  4359 | D:6      | Reached * piety under Beogh
  4578 | D:6      | Reached skill level 8 in Axes
  4803 | D:6      | Found a bloodstained altar of Trog.
  5189 | D:6      | Got a pair of distressingly furry gloves
  5200 | D:6      | Identified the +1 pair of gloves of Insatiable Hunger {Int+4 Dex+2} (You found it on level 6 of the Dungeon)
  5239 | D:7      | Noticed a hippogriff
  5251 | D:7      | Reached skill level 9 in Axes
  5257 | D:7      | Killed a hippogriff
  5292 | D:7      | Reached XP level 9. HP: 54/79 MP: 9/9
  5325 | D:7      | Noticed Pikel
  5329 | D:7      | Killed from afar by an orc priest

Skill      XL: |  1  2  3  4  5  6  7  8 |
---------------+-------------------------+-----
Axes           | 3 4 5 6 7 9 |  9.6
Fighting       | 4 5 7 |  7.0
Armour         | 4 5 6 |  6.4
Shields        | 4 5 6 |  6.3

Action                   |  1- 3 |  4- 6 |  7- 9 || total
-------------------------+-------+-------+-------++-------
Melee: War axe           |   108 |   208 |   219 ||   535
Invok: Convert to Beogh  |       |     1 |       ||     1
  Use: Potion            |     1 |     1 |     2 ||     4
       Scroll            |       |    12 |     6 ||    18
  Eat: Chunk             |     1 |     6 |     8 ||    15
Armor: Scale mail        |    49 |    92 |   101 ||   242
Dodge: Dodged            |    31 |    72 |    87 ||   190
Block: Shield            |    67 |   120 |   127 ||   314
